 Dungeon Crawl Stone Soup version 0.26.0-8-g74fc34ddfb (webtiles) character file.

Game seed: 13433676420836812251

529 DearestLeader the Cleaver (level 7, -4/57 HPs)
             Began as a Minotaur Monk on Jan 12, 2021.
             Was a Believer of Okawaru.
             Killed from afar by Ijyb (5 damage)
             ... with an iceblast
             ... on level 4 of the Dungeon.
             The game lasted 00:04:51 (3210 turns).

DearestLeader the Cleaver (Minotaur Monk)           Turns: 3210, Time: 00:04:51

Health: -4/57      AC:  8    Str: 17    XL:     7   Next: 3%
Magic:  6/6        EV: 12    Int:  7    God:    Okawaru [**....]
Gold:   118        SH:  0    Dex: 13    Spells: 6/6 levels left

rFire    . . .     SeeInvis .   h - +0 spear (venom)
rCold    . . .     Faith    .   (no shield)
rNeg     . . .     Spirit   .   n - +0 ring mail
rPois    .         Reflect  .   (helmet restricted)
rElec    .         Harm     .   t - +0 cloak
rCorr    .         Rampage  .   q - +0 pair of gloves
Will     .....                  (no boots)
Stlth    +.........             (no amulet)
HPRegen  0.19/turn              (no ring)
MPRegen  0.10/turn              (no ring)

@: no status effects
A: retaliatory headbutt, horns 2
a: Renounce Religion, Heroism


You were on level 4 of the Dungeon.
You worshipped Okawaru.
Okawaru was pleased with you.
You visited 2 branches of the dungeon, and saw 5 of its levels.

You collected 118 gold pieces.

Inventory:

Hand Weapons
 a - a +0 hand axe
 h - a +0 spear of venom (weapon)
Missiles
 p - 32 sling bullets
 w - 13 poisoned darts (quivered)
Armour
 b - a +0 robe
 k - a +0 leather armour
 n - a +0 ring mail (worn)
 q - a +0 pair of gloves (worn)
 t - a +0 cloak (worn)
Wands
 u - a wand of random effects (13)
 x - a wand of flame (13)
Scrolls
 c - 5 scrolls of teleportation {unknown}
 d - 2 scrolls of magic mapping {unknown}
 f - a scroll of fear {unknown}
 g - a scroll of amnesia {unknown}
 j - a scroll of noise {unknown}
 l - a scroll of enchant armour {unknown}
 o - 2 scrolls of identify {unknown}
Potions
 e - a potion of flight {unknown}
 i - 3 potions of attraction
 m - a potion of brilliance {unknown}
 r - a potion of magic {unknown}
 s - a potion of invisibility {unknown}
 v - a potion of haste {unknown}


   Skills:
 - Level 3.6 Fighting
 * Level 8.6 Axes
 + Level 4.1 Armour
 - Level 3.2 Dodging
 - Level 1.5 Stealth


You had 6 spell levels left.
You didn't know any spells.
Your spell library was empty.

Dungeon Overview and Level Annotations

Branches:
Dungeon (4/15)             Temple (1/1) D:4

Altars:
Ashenzari
Cheibriados
Fedhas
Kikubaaqudgha
Nemelex Xobeh
Okawaru
Qazlal
Trog
Xom
Zin

Annotations:
D:4 Grinder, Ijyb


Innate Abilities, Weirdness & Mutations

You reflexively headbutt those who attack you in melee.
You have a pair of horns on your head.


Message History

Throw: 16 darts (poison)
Press: ? - help, Q - select action, (/) - cycle Shift-Dir - straight line, f/p - Ijyb
Aim: Ijyb, wearing a +0 leather armour and carrying a wand of iceblast (8) (poisoned)
You throw a poisoned dart. The poisoned dart hits Ijyb.
Ijyb looks even sicker.
Throw: 15 darts (poison)
Press: ? - help, Q - select action, (/) - cycle Shift-Dir - straight line, f/p - Ijyb
Aim: Ijyb, wearing a +0 leather armour and carrying a wand of iceblast (8) (very poisoned)
You throw a poisoned dart. The poisoned dart hits Ijyb.
Ijyb looks even sicker.
Throw: 14 darts (poison)
Press: ? - help, Q - select action, (/) - cycle Shift-Dir - straight line, f/p - Ijyb
Aim: Ijyb, wearing a +0 leather armour and carrying a wand of iceblast (8) (lightly wounded, very poisoned)
You throw a poisoned dart. The poisoned dart hits Ijyb.
Ijyb looks as sick as possible!
Ijyb is lightly wounded.
Ijyb zaps a wand.
The mass of ice explodes!
The iceblast engulfs you!
* * * LOW HITPOINT WARNING * * *
Unknown command.
Ijyb screams, "No!
No, no, no, no!"
Ijyb zaps a wand.
The mass of ice explodes!
The iceblast engulfs you.
You die...

.....#...# #.#.########.##
.....##..# #.#.# #.#
.....#...# #.#.# #.#
...##.#..# #.#.# #.#
...##.#..#####.#.# #.#
..###............# #.#
.........#####.#.# #.#
...............#.# #.#
.#.####.########@########.#
.#.# #.# #....g(.((.# .#.#
#.# ############ .... ..#
..... ..# .#.###### ...#
..## ..#


You could see Ijyb (extremely poisoned).

Vanquished Creatures
  Sigmund (D:4)
  An ogre (D:4)
  An orc wizard (D:4)
  Natasha (thrice) (D:4)
  3 worker ants
  4 adders
  A gnoll (D:1)
  3 worms (D:2)
  A dart slug (D:1)
  A leopard gecko (D:1)
  5 orcs
  6 giant cockroaches
  6 hobgoblins
  5 kobolds
  A quokka (D:3)
  8 bats
  4 frilled lizards
  6 rats
60 creatures vanquished.

Notes
Turn   | Place    | Note
-------+----------+-------------------------------------------
     0 | D:1      | DearestLeader the Minotaur Monk began the quest for the
                  | Orb.
     0 | D:1      | Reached XP level 1. HP: 19/19 MP: 0/0
     9 | D:1      | Noticed a bullfrog
    48 | D:1      | Reached skill level 4 in Axes
    62 | D:1      | Reached XP level 2. HP: 22/26 MP: 1/1
   294 | D:1      | Reached skill level 5 in Axes
   294 | D:1      | Reached XP level 3. HP: 31/31 MP: 2/2
   781 | D:2      | Reached skill level 6 in Axes
   781 | D:2      | Reached XP level 4. HP: 39/39 MP: 3/3
  1356 | D:2      | Reached skill level 1 in Armour
  1876 | D:3      | Found a bloodstained altar of Trog.
  1876 | D:3      | Found a snail-covered altar of Cheibriados.
  2305 | D:4      | Noticed Natasha
  2314 | D:4      | Killed Natasha
  2315 | D:4      | Reached XP level 5. HP: 28/45 MP: 4/4
  2409 | D:4      | Noticed an ogre
  2419 | D:4      | Killed an ogre
  2420 | D:4      | Reached skill level 7 in Axes
  2598 | D:4      | Noticed Natasha
  2611 | D:4      | Killed Natasha
  2617 | D:4      | Reached XP level 6. HP: 28/51 MP: 5/5
  2755 | D:4      | Noticed Natasha
  2761 | D:4      | Killed Natasha
  2861 | D:4      | Found a staircase to the Ecumenical Temple.
  2870 | Temple   | Entered the Ecumenical Temple
  2913 | Temple   | Became a worshipper of Warmaster Okawaru
  2913 | Temple   | Reached * piety under Okawaru
  2913 | Temple   | Reached ** piety under Okawaru
  3131 | D:4      | Noticed Sigmund
  3131 | D:4      | Noticed Ijyb
  3131 | D:4      | Noticed Grinder
  3176 | D:4      | Killed Sigmund
  3177 | D:4      | Reached skill level 8 in Axes
  3177 | D:4      | Reached XP level 7. HP: 6/57 MP: 6/6
  3209 | D:4      | HP: 1/57 [Ijyb/iceblast (11)]
  3210 | D:4      | Killed from afar by Ijyb

Illustrated notes

Levels and vault maps discovered:
D:1:      evilmike_arrival_come_back, layout_rooms
D:2:      layout_basic
D:3:      layout_rooms, gammafunk_temple_overflow_elements
D:4:      layout_loops_ring, minmay_temple_entry_stoned_glass,
          palyth_stone_intersect, uniq_ijyb, uniq_grinder, uniq_sigmund,
          uniq_natasha
Temple:   eino_temple_rhombus

Skill      XL: |  1  2  3  4  5  6 |
---------------+-------------------+-----
Axes           | 4 5 6 7 8 |  8.6
Armour         | 1 2 4 |  4.1
Fighting       | |  3.6
Dodging        | |  3.2
Stealth        | |  1.5

Action                   |  1- 3 |  4- 6 |  7- 9 || total
-------------------------+-------+-------+-------++-------
Melee: Hand axe          |    30 |       |       ||    30
       Headbutt          |     6 |    15 |       ||    21
       Spear             |    25 |   108 |       ||   133
Throw: Dart              |       |     7 |     5 ||    12
  Use: Potion            |       |     1 |       ||     1
 Stab: Sleeping          |     7 |       |       ||     7
       Distracted        |     1 |       |       ||     1
Armor: Robe              |     8 |       |       ||     8
       Leather armour    |     1 |       |       ||     1
       Ring mail         |       |    13 |       ||    13
Dodge: Dodged            |    22 |    33 |       ||    55
